 Dungeon Crawl Stone Soup version 0.29-a0-289-g2178c42546 (webtiles) character file.

Game seed: 4007379606444019120

343 Colgate the Covert (level 6, 0/30 HPs)
             Began as a Spriggan Enchanter on Mar 17, 2022.
             Was an Initiate of Yredelemnul.
             Killed from afar by Natasha (8 damage)
             ... with a magic dart
             ... on level 3 of the Dungeon.
             The game lasted 00:15:47 (4055 turns).

Colgate the Covert (Spriggan Enchanter)             Turns: 4055, Time: 00:15:48

Health: 0/30       AC:  2    Str:  4    XL:     6   Next: 31%
Magic:  2/15       EV: 32    Int: 18    God:    Yredelemnul [......]
Gold:   160        SH:  0    Dex: 16    Spells: 2/16 levels left

rFire   . . .      SeeInvis +   a - +1 dagger
rCold   . . .      Faith    .   (no shield)
rNeg    . . .      Spirit   .   b - +0 robe
rPois   .          Reflect  .   (helmet restricted)
rElec   .          Harm     .   (no cloak)
rCorr   .          Rampage  .   (gloves unavailable)
Will    +....                   (boots unavailable)
Stlth   ++++......              j - amulet of the acrobat
HPRegen 0.10/turn               (no ring)
MPRegen 0.14/turn               (no ring)

@: acrobatic, very quick
A: very small, no large weapons, unfitting armour, see invisible, speed 3
a: Renounce Religion, Recall Undead Harvest


You were on level 3 of the Dungeon.
You worshipped Yredelemnul.
Yredelemnul was noncommittal.
You visited 1 branch of the dungeon, and saw 3 of its levels.

You collected 160 gold pieces.

Inventory:

Hand Weapons
 a - a +1 dagger (weapon)
Armour
 b - a +0 robe (worn)
Jewellery
 j - an amulet of the acrobat (around neck)
Wands
 k - a wand of polymorph (2)
 p - a wand of flame (13)
Scrolls
 e - a scroll of fear
 f - a scroll of teleportation {@r3}
 i - a scroll of enchant armour {unknown}
 l - a scroll of fog {unknown}
 m - a scroll of noise {unknown}
 q - a scroll of amnesia {unknown}
Potions
 c - 2 potions of invisibility
 d - a potion of magic {unknown}
 g - a potion of mutation
 h - 2 potions of curing {@q1}
 n - a potion of heal wounds {@q2}
 o - a potion of might {@q3}


   Skills:
 - Level 2.0 Fighting
 - Level 6.6 Short Blades
 - Level 2.6 Dodging
 - Level 8.0 Stealth
 - Level 5.8 Spellcasting
 + Level 7.8 Hexes
 - Level 6.0 Invocations


You had 2 spell levels left.
You knew the following spells:

 Your Spells              Type           Power      Damage    Failure   Level
a - Ensorcelled Hibernat  Hex/Ice        38%        N/A       3%          2
b - Tukima's Dance        Hex            33%        N/A       1%          3
c - Confusing Touch       Hex            33%        N/A       1%          3
d - Dazzling Flash        Conj/Hex       38%        N/A       8%          3
e - Summon Guardian Gole  Hex/Summ       19%        N/A       8%          3

Your spell library contained the following spells:

 Spells                   Type           Power      Damage    Failure   Level
 Freeze                   Ice            20%        1d4       12%         1
 Magic Dart               Conj           20%        1d4       12%         1
 Summon Small Mammal      Summ           20%        N/A       12%         1
 Searing Ray              Conj           10%        2d4       19%         2
 Fulminant Prism          Conj/Hex       9%         3d7       24%         4
 Call Canine Familiar     Summ           5%         N/A       36%         3
 Frozen Ramparts          Ice            10%        1d3       36%         3
 Hailstorm                Conj/Ice       5%         3d4       77%         4


Dungeon Overview and Level Annotations

Branches:
Dungeon (3/15)

Altars:
Yredelemnul

Annotations:
D:3 1 runed translucent door, Crazy Yiuf, Natasha


Innate Abilities, Weirdness & Mutations

You are very small and have problems with some larger weapons.
You are too small for most types of armour.
You have supernaturally acute eyesight. (SInv)
You cover ground extremely quickly. (Speed+++)


Message History

Your bat zombie hits Natasha but does no damage. x2
Natasha resists with some effort.
Your bat zombie hits Natasha but does no damage.
Your bat zombie barely misses Natasha.
Natasha claws you!
Your bat zombie closely misses Natasha.
Aiming: Ensorcelled Hibernation (safe; 3% risk of failure)
Aim: Natasha (ally target, chance to affect: 51%) Natasha looks drowsy...
Your bat zombie hits Natasha.
Your bat zombie completely misses Natasha.
Your bat zombie hits Natasha.
Aiming: Ensorcelled Hibernation (safe; 3% risk of failure)
Aim: Natasha (lightly wounded, ally target, not susceptible) Natasha is unaffected.
Your bat zombie barely misses Natasha.
Your bat zombie hits Natasha but does no damage.
Natasha casts a spell at you. The magic dart hits you.
Aiming: Ensorcelled Hibernation (safe; 3% risk of failure)
Aim: Natasha (lightly wounded, ally target, not susceptible) Natasha is unaffected.
Your bat zombie hits Natasha but does no damage.
Your bat zombie barely misses Natasha. x2; Natasha claws you.
Aiming: Ensorcelled Hibernation (safe; 3% risk of failure)
Aim: Natasha (lightly wounded, ally target, not susceptible) Natasha is unaffected.
Your bat zombie barely misses Natasha.
Your bat zombie hits Natasha but does no damage.
Your bat zombie barely misses Natasha.
Natasha claws you.
* * * LOW HITPOINT WARNING * * *
Your bat zombie closely misses Natasha.
Your bat zombie hits Natasha.
Your bat zombie barely misses Natasha.
Natasha stares at you and mumbles some strange words.
Your bat zombie seems to slow down.
Your bat zombie closely misses Natasha.
Natasha claws your bat zombie.
Your bat zombie is destroyed!
Natasha stares at you and mumbles some strange words.
The magic dart hits you!
You die...
Your body rises from the dead as a mindless zombie.

###.# #.##.# ##### ♣.)..♣ ....#
#....# #...#### #.)..#
##########.# #......# #...)#
.......# #.#####...#### #...##
....<#.###.##<..#.#### ##..##
..#...........#......# ##...##
.)...=............##.###.....##
.#...........#.####...#.......##
.#####.##..###..@......h.......#
.# #.##..# ######...#.......##
.#####.##..# ##.###......#
.....[.##..# #.# ##...#.#
...........# #.# ###.##.###
..##.##.#.## ##.# #........#
.)##.##.#.# #..# #.######.#
.....##.#.# #.## #. #.#
..........# #.# # #.#


You could see Natasha.

Vanquished Creatures
  Natasha (D:3)
  Terence (D:3)
  A dart slug (D:2)
  7 ball pythons
  8 endoplasms
  4 giant cockroaches
  4 goblins
  A hobgoblin (D:1)
  3 jackals (D:2)
  5 kobolds
  5 quokkas
  7 bats
  A frilled lizard (D:1)
  4 rats
52 creatures vanquished.

Vanquished Creatures (collateral kills)
  A gnoll (D:1)
  A giant cockroach (D:2)
  A goblin (D:2)
  A hobgoblin (D:1)
4 creatures vanquished.

Vanquished Creatures (others)
  Sigmund (D:3)
  A bat zombie (D:3)
  A ball python zombie (D:1)
3 creatures vanquished.

Grand Total: 59 creatures vanquished

Notes
Turn   | Place    | Note
-------+----------+-------------------------------------------
     0 | D:1      | Colgate the Spriggan Enchanter began the quest for the Orb.
     0 | D:1      | Reached XP level 1. HP: 9/9 MP: 5/5
   208 | D:1      | Reached XP level 2. HP: 13/13 MP: 6/6
   211 | D:1      | Learned a level 2 spell: Ensorcelled Hibernation
   427 | D:1      | Found a faded altar of an unknown god.
   432 | D:1      | Prayed at the altar of an unknown god.
   432 | D:1      | Became a worshipper of Yredelemnul the Dark
   432 | D:1      | Reached * piety under Yredelemnul
   643 | D:1      | Reached skill level 5 in Hexes
   645 | D:1      | Reached ** piety under Yredelemnul
   710 | D:1      | Reached XP level 3. HP: 4/16 MP: 0/8
   941 | D:1      | Learned a level 3 spell: Tukima's Dance
  1285 | D:1      | Learned a level 3 spell: Confusing Touch
  1304 | D:1      | You fall into a shaft and drop 1 floor!
  2979 | D:1      | Reached XP level 4. HP: 21/21 MP: 9/9
  3267 | D:2      | Reached skill level 8 in Stealth
  3267 | D:2      | Reached skill level 5 in Spellcasting
  3267 | D:2      | Reached XP level 5. HP: 24/24 MP: 10/14
  3272 | D:2      | Learned a level 3 spell: Dazzling Flash
  3407 | D:3      | Noticed Terence
  3423 | D:3      | Killed Terence
  3494 | D:3      | Learned a level 3 spell: Summon Guardian Golem
  3564 | D:3      | Found a runed translucent door.
  3565 | D:3      | Noticed Crazy Yiuf
  3696 | D:3      | Noticed Natasha
  3698 | D:3      | Killed Natasha
  3726 | D:3      | Noticed Sigmund
  3737 | D:3      | Killed Sigmund
  3738 | D:3      | Reached XP level 6. HP: 30/30 MP: 12/15
  4037 | D:3      | Noticed Natasha
  4055 | D:3      | Killed from afar by Natasha

Illustrated notes

Levels and vault maps discovered:
D:1:      spicycebolla_arrival_xxxplode, layout_basic,
          ebering_ecumenical_altar_hall
D:2:      layout_basic
D:3:      layout_loops_ring, uniq_sigmund, uniq_natasha,
          uniq_crazy_yiuf_cottage, uniq_terence

Skill      XL: |  1  2  3  4  5 |
---------------+----------------+-----
Hexes          | 4 5 7 |  7.8
Spellcasting   | 3 5 |  5.8
Short Blades   | 6 |  6.6
Stealth        | 8 |  8.0
Invocations    | 6 |  6.0
Fighting       | 2 |  2.0
Dodging        | |  2.6

Action                   |  1- 3 |  4- 6 || total
-------------------------+-------+-------++-------
Melee: Dagger            |    72 |     9 ||    81
 Cast: Ensorcelled Hiber |    34 |    10 ||    44
       Tukima's Dance    |       |     2 ||     2
       Summon Guardian G |       |     1 ||     1
Invok: Recall Undead Har |     1 |       ||     1
  Use: Scroll            |       |     7 ||     7
       Potion            |       |     1 ||     1
 Stab: Sleeping          |    36 |     9 ||    45
Armor: Robe              |     7 |       ||     7
Dodge: Dodged            |    57 |     4 ||    61

Table legend: (Time is in decaauts)
 A = Elapsed time spent in this place.
 B = Non-inter-level travel time spent in this place.
 C = Inter-level travel time spent in this place.
 D = Time resting spent in this place.
 E = Time spent auto-exploring this place.
 F = Levels seen in this place.
 G = Mean time per level.
                   A        B        C        D        E       F      G
               +--------+--------+--------+--------+--------+-----+--------+
         Total |   3031 |   2904 |    127 |      2 |   2448 |   3 | 1010.3 |
       Dungeon |   3031 |   2904 |    127 |      2 |   2448 |   3 | 1010.3 |
               +--------+--------+--------+--------+--------+-----+--------+

Top non-repeatable levels by time:
     D:1: 1326 daAuts
     D:2: 1214 daAuts
     D:3: 490 daAuts
